 Dungeon Crawl Stone Soup version 0.30.0-15-g856e2d3f33 (webtiles) character file.

Game seed: 2062378740901531137

162 qw the Chopper (level 5, 0/32 HPs)
             Began as a Gargoyle Cinder Acolyte on May 18, 2023.
             Was a High Priest of Ignis.
             Killed by divine providence
             ... invoked by an orc priest
              (15 damage)
             ... on level 3 of the Dungeon.
             The game lasted 00:01:21 (2269 turns).

qw the Chopper (Gargoyle Cinder Acolyte)            Turns: 2269, Time: 00:01:22

Health: 0/32       AC: 19    Str: 19    XL:     5   Next: 43%
Magic:  6/6        EV:  9    Int: 15    God:    Ignis [*****.]
Gold:   32         SH:  0    Dex:  5    Spells: 6/6 levels left

rFire   + . .        Y - +0 hand axe (flame)
rCold   . . .        (no shield)
rNeg    + . .        c - +0 scale mail
rPois   inf          (no helmet)
rElec   +            l - +0 cloak
rCorr   .            j - +0 pair of gloves
SInv    .            (no boots)
Will    .....        (no amulet) Stlth
                     (no ring)
HPRegen 0.25/turn    (no ring)
MPRegen 0.10/turn

%: no passive effects
@: fiery-armoured
A: sickness immunity, AC +4, negative energy resistance 1, electricity
resistance, torment resistance 1, petrification resistance
a: Renounce Religion, Fiery Armour, Foxfire Swarm, Rising Flame


You were on level 3 of the Dungeon.
You worshipped Ignis.
Ignis was extremely pleased with you.
You visited 1 branch of the dungeon, and saw 3 of its levels.

You collected 149 gold pieces.
You spent 117 gold pieces at shops.


Innate Abilities, Weirdness & Mutations

You are immune to sickness and miasma.
Your stone body is resilient. (AC +4)
You are immune to poison.
You resist negative energy. (rN+)
You are resistant to electric shocks. (rElec)
You are resistant to unholy torment.
You are immune to petrification.


   Skills:
 - Level 3.2 Fighting
 - Level 5.2 Axes
 + Level 1.4 Armour
 - Level 1.0 Spellcasting
 - Level 3.0 Fire Magic


You had 6 spell levels left.
You didn't know any spells.
Your spell library contained the following spells:

 Spells                   Type           Power      Damage    Failure   Level
 Scorch                   Fire           18%        2d6       32%         2

Inventory:

Hand Weapons
 Y - a +0 hand axe of flaming (weapon)
Armour
 a - a +0 chain mail
 c - a +0 scale mail (worn)
 j - a +0 pair of gloves (worn)
 l - a +0 cloak (worn)
Scrolls
 f - a scroll of teleportation
Potions
 b - 2 potions of mutation {unknown}
 d - a potion of cancellation {unknown}
 e - a potion of lignification {unknown}
 g - a potion of haste
 i - a potion of brilliance {unknown}
 k - 5 potions of curing

Dungeon Overview and Level Annotations

Branches:
Dungeon (3/15)

Altars:
Elyvilon

Shops:
D:3 !


Message History

The orc shouts!
You hear a shout! x2
An orc comes into view. It is wielding a +0 flail.
An orc priest comes into view. It is wielding a +0 morningstar.
The orc priest shouts!
You hear a shout!
You hit the orc. You burn the orc.
You kill the orc!
The orc barely misses you.
Things that are here:
a +0 falchion; a +0 chain mail You barely miss the orc.
The orc hits you with a +0 flail.
You closely miss the orc priest. You hit the orc. You burn the orc.
The orc priest hits you with a +0 morningstar!
The orc hits you but does no damage.
You hit the orc. You burn the orc.
You kill the orc!
You barely miss the orc priest.
The orc priest invokes the aid of Beogh against you.
Pain shoots through your body!
2266 ||| INVOKING Fiery Armour.
A protective cloak of flame settles atop you.
The orc priest hits you but does no damage.
The orc priest is burned by your cloak of flames.
The orc priest is moderately wounded.
An orc comes into view. It is wielding a +0 dagger.
The orc shouts!
You hit the orc priest but do no damage.
The orc priest is moderately wounded.
The orc priest closely misses you.
An orc wizard comes into view. It is wielding a +0 dagger.
You closely miss the orc priest.
The orc priest is moderately wounded.
A ball python comes into view.
The orc priest begins to cast a cantrip, but forgets the words!
You barely miss the orc priest.
The orc priest is moderately wounded.
The ball python hisses angrily.
The orc priest invokes the aid of Beogh against you.
Beogh smites you!
You die...

### ####### ...##.....##
...........##
............#
............#
............#
......).....#
......o@.(.>#
............#####
................#
.o..#...........#
................#
.S..#...##.###########
.....................###
...###............#....
.. #####.#######......


You could see an orc priest, an orc wizard and a ball python.

Vanquished Creatures
  A hound (D:3)
  6 adders (D:2)
  3 worms (D:3)
  A dart slug (D:1)
  6 orcs
  3 bats
  2 endoplasms
  A giant cockroach (D:2)
  11 goblins
  5 hobgoblins
  3 jackals (D:2)
  4 quokkas
  2 ball pythons (D:1)
  5 frilled lizards
  5 kobolds
  4 rats
62 creatures vanquished.

Notes
Turn   | Place    | Note
-------+----------+-------------------------------------------
     0 | D:1      | qw the Gargoyle Cinder Acolyte began the quest for the Orb.
     0 | D:1      | Reached XP level 1. HP: 14/14 MP: 2/2
     0 | D:1      | 0 ||| qw: Version: 0.2-a-95-gc95f03d
     0 | D:1      | 0 ||| qw: Game counter: 40
     0 | D:1      | 0 ||| qw: Always use a shield: true
     0 | D:1      | 0 ||| qw: God list: Okawaru
     0 | D:1      | 0 ||| qw: Allow faded altars: false
     0 | D:1      | 0 ||| qw: Do Orc after D:15 true
     0 | D:1      | 0 ||| qw: Do second Lair branch before Depths: true
     0 | D:1      | 0 ||| qw: Lair rune preference: random
     0 | D:1      | 0 ||| qw: Plans: Normal
     0 | D:1      | 0 ||| PLANNING D:1-11
    61 | D:1      | Reached skill level 3 in Axes
    62 | D:1      | 62 ||| INVOKING Fiery Armour.
    65 | D:1      | Reached XP level 2. HP: 9/19 MP: 3/3
   558 | D:1      | 558 ||| Stepping ~*~*~tactically~*~*~ (hiding).
   859 | D:1      | 859 ||| UPGRADING to +0 leather armour.
   869 | D:1      | 869 ||| DROPPING +0 robe.
   870 | D:1      | 870 ||| UPGRADING to +0 pair of gloves.
   875 | D:1      | 875 ||| READING scroll labelled MURGHI PEIRUM.
   876 | D:1      | 876 ||| READING scroll labelled VOEDGH EPUPACZE.
   877 | D:1      | 877 ||| READING scroll labelled KIYQIUFILY.
   881 | D:1      | 881 ||| READING scroll labelled ZEUCI YFECU.
   882 | D:1      | 882 ||| READING scroll labelled DAMEUC UNIEGAT.
   883 | D:1      | 883 ||| DRINKING 2 coppery potions.
   899 | D:2      | 899 ||| Stepping ~*~*~tactically~*~*~ (stealth).
   902 | D:2      | Reached XP level 3. HP: 23/23 MP: 4/4
   934 | D:2      | Reached skill level 4 in Axes
   940 | D:2      | Reached XP level 4. HP: 23/28 MP: 5/5
  1325 | D:2      | Found a faded altar of an unknown god.
  1849 | D:2      | 1849 ||| UPGRADING to +0 scale mail.
  1859 | D:2      | 1859 ||| DROPPING +0 leather armour.
  1860 | D:2      | 1860 ||| UPGRADING to +0 cloak.
  1865 | D:2      | 1865 ||| DROPPING ring of wizardry.
  1866 | D:2      | 1866 ||| DROPPING ring of flight.
  1867 | D:2      | 1867 ||| READING scroll labelled MIRIEMENIS.
  1868 | D:2      | 1868 ||| READING scroll labelled SISABIKL QULLA.
  1869 | D:2      | 1869 ||| READING scroll labelled RIODDO JAGGAO.
  1870 | D:2      | 1870 ||| DRINKING 3 purple potions.
  1920 | D:3      | Reached XP level 5. HP: 32/32 MP: 6/6
  1952 | D:3      | 1952 ||| Stepping ~*~*~tactically~*~*~ (stealth).
  1972 | D:3      | Reached skill level 1 in Armour
  1984 | D:3      | Found Sodo's Distillery.
  1993 | D:3      | 1993 ||| BUYING potion of curing (39 gold).
  1993 | D:3      | Bought a potion of curing for 39 gold pieces
  1993 | D:3      | 1993 ||| BUYING potion of curing (39 gold).
  1993 | D:3      | Bought a potion of curing for 39 gold pieces
  1993 | D:3      | 1993 ||| BUYING potion of curing (39 gold).
  1993 | D:3      | Bought a potion of curing for 39 gold pieces
  1993 | D:3      | 1993 ||| SHOPLISTING potion of heal wounds (65 gold, have
                  | 32).
  2027 | D:3      | Found a white marble altar of Elyvilon.
  2039 | D:3      | Reached skill level 5 in Axes
  2151 | D:3      | 2151 ||| Stepping ~*~*~tactically~*~*~ (stealth).
  2266 | D:3      | 2266 ||| INVOKING Fiery Armour.
  2269 | D:3      | Killed from afar by an orc priest

Levels and vault maps discovered:
D:1:      shiori_shiawase, layout_loops_ring
D:2:      layout_loops_ring, shapermc_ecumenical_altar_mp_ritualfount,
          corexii_corridor_pit, dk_noncrumbling_2
D:3:      layout_rooms, mainiacjoe_overflow_surrounded_room, serial_shops, shop

Skill      XL: |  1  2  3  4  5 |
---------------+----------------+-----
Axes           | 3 4 5 |  5.2
Armour         | 1 |  1.4
Fighting       | |  3.2
Spellcasting   | |  1.0
Fire Magic     | |  3.0

Action                     |  1- 3 |  4- 6 || total
---------------------------+-------+-------++-------
  Melee: Hand axe          |   108 |   121 ||   229
         Punch             |       |     1 ||     1
 Invoke: Fiery Armour      |     1 |     1 ||     2
    Use: Scroll            |     5 |     3 ||     8
         Potion            |     1 |     1 ||     2
 Armour: Robe              |    25 |       ||    25
         Leather armour    |    12 |    21 ||    33
         Scale mail        |       |    14 ||    14
  Dodge: Dodged            |    56 |    53 ||   109

Table legend:
 A = Non-vault XP
 B = Vault XP
 C = Vault XP percentage of total XP
 D = Non-vault monster count
 E = Vault monster count
 F = Vault count percentage of total count
                 A         B        C        D         E       F
            +---------+---------+-------+---------+---------+-------
      Total |     232 |       0 |   0.0 |      62 |       0 |   0.0
            +---------+---------+-------+---------+---------+-------
        D:1 |      32 |       0 |   0.0 |      19 |       0 |   0.0
        D:2 |     123 |       0 |   0.0 |      27 |       0 |   0.0
        D:3 |      77 |       0 |   0.0 |      16 |       0 |   0.0
            +---------+---------+-------+---------+---------+-------
